 Dungeon Crawl Stone Soup version 0.29.1-15-g9cfb28693d (webtiles) character file.

Game seed: 2763018968837261702

35 8695856893 the Ruffian (level 3, 0/27 HPs)
             Began as a Demigod Transmuter on Apr 5, 2024.
             Frozen to death by an endoplasm (2 damage)
             ... on level 3 of the Dungeon.
             The game lasted 00:12:22 (892 turns).

8695856893 the Ruffian (Demigod Transmuter)          Turns: 892, Time: 00:12:22

Health: 0/27       AC:  5    Str: 15    XL:     3   Next: 2%
Magic:  8/8        EV: 12    Int: 15    God:
Gold:   80         SH:  0    Dex: 14    Spells: 4/5 levels left

rFire   . . .      SeeInvis .   m - +0 war axe (flame)
rCold   + . .      Faith    .   (no shield)
rNeg    . . .      Spirit   .   o - +2 leather armour {rC+}
rPois   .          Reflect  .   (no helmet)
rElec   .          Harm     .   (no cloak)
rCorr   .          Rampage  .   (no gloves)
Will    .....                   (no boots)
Stlth   +.........              (no amulet)
HPRegen 0.09/turn               (no ring)
MPRegen 0.11/turn               (no ring)

@: no status effects
A: high MP 1, forlorn, divine attributes
a: no special abilities


You were on level 3 of the Dungeon.
You visited 1 branch of the dungeon, and saw 3 of its levels.

You collected 80 gold pieces.

Inventory:

Hand Weapons
 h - a +0 rapier
 m - a +0 war axe of flaming (weapon)
Armour
 a - a +0 robe
 g - a +0 robe
 j - the +1 ring mail "Icheitz" {Harm}
   (You found it on level 2 of the Dungeon)

   Harm:      It increases damage dealt and taken.
 o - a +2 leather armour of cold resistance (worn)
Magical Staves
 p - a staff of conjuration
Jewellery
 i - a +6 ring of dexterity
 l - a ring of magical power
 n - a +6 ring of intelligence
 q - an amulet of the acrobat
Scrolls
 f - 3 scrolls of identify {unknown}
Potions
 b - a potion of lignification
 c - 2 potions of brilliance {unknown}
 d - a potion of flight {unknown}
 e - a potion of haste {unknown}
 k - a potion of mutation {unknown}
 r - a potion of ambrosia {unknown}


   Skills:
 + Level 0.9 Fighting
 + Level 0.1 Armour
 + Level 2.5 Dodging
 + Level 3.2 Unarmed Combat
 + Level 1.9 Spellcasting
 + Level 1.7 Transmutations


You had 4 spell levels left.
You knew the following spells:

 Your Spells              Type           Power      Damage    Failure   Level
a - Beastly Appendage     Tmut           12%        N/A       13%         1

Your spell library contained the following spells:

 Spells                   Type           Power      Damage    Failure   Level
 Wereblood                Tmut           6%         N/A       21%         2
 Spider Form              Tmut/Pois      4%         N/A       50%         3
 Ice Form                 Ice/Tmut       4%         N/A       88%         4


Dungeon Overview and Level Annotations

Branches:
Dungeon (3/15)


Innate Abilities, Weirdness & Mutations

You have an increased reservoir of magic. (+10% MP)
You shall have no god before yourself.
Your divine heritage dramatically boosts your attributes as you level up.


Message History

The water moccasin zombie is lightly damaged.
The water moccasin zombie misses you. The water moccasin zombie bites you.
You slash the water moccasin zombie! You burn the water moccasin zombie.
The water moccasin zombie is moderately damaged.
The water moccasin zombie closely misses you.
The water moccasin zombie bites you but does no damage.
An endoplasm comes into view.
The endoplasm quivers.
You hit the water moccasin zombie. You burn the water moccasin zombie.
The water moccasin zombie is heavily damaged.
The water moccasin zombie barely misses you.
The water moccasin zombie bites you.
* * * LOW HITPOINT WARNING * * *
The water moccasin zombie attacks as you move away!
The water moccasin zombie bites you but does no damage.
A dart slug comes into view.
The water moccasin zombie attacks as you move away!
The water moccasin zombie barely misses you.
Found a broken altar of Ashenzari.
The water moccasin zombie attacks as you move away!
The water moccasin zombie bites you.
* * * LOW HITPOINT WARNING * * *
The water moccasin zombie bites you but does no damage.
Okay, then.
There are no items here.
Unknown command.
You are a level 3 Demigod Transmuter.
You are 2% of the way to level 4.
Play time: 00:12:16 (889 turns).
Zot will find you in 17101 turns if you stay in this branch and explore no new floors.
The dart slug launches a dart at you. The slug dart hits you.
* * * LOW HITPOINT WARNING * * *
The endoplasm closely misses you.
You completely miss the endoplasm. The endoplasm freezes you.
You are frozen.
You resist.
* * * LOW HITPOINT WARNING * * *
The endoplasm freezes you.
You are frozen.
You resist.
You die...

$.... ###...
..........#..#.# ......
_.........#..#.# ###(.....
.............[.###........
.....#.....!.............
..........#............#
..........#.........#
.........Z.........<#
#...wJ@........# #
##.##......##### ..
###.#............
..#.###.....[.....###..
......$...............#
....../...PP......#####
...8..##†.PP.###..#
......)..?...# #.##
......#..........#


You could see a dart slug, a water moccasin zombie and an endoplasm.

Vanquished Creatures
  3 dart slugs
  2 ball pythons (D:2)
  3 bats (D:2)
  4 endoplasms
  2 giant cockroaches
  A goblin (D:2)
  2 hobgoblins
  4 kobolds (D:2)
  A quokka (D:2)
  2 frilled lizards (D:2)
  2 rats
26 creatures vanquished.

Notes
Turn   | Place    | Note
-------+----------+-------------------------------------------
     0 | D:1      | 8695856893 the Demigod Transmuter began the quest for the
                  | Orb.
     0 | D:1      | Reached XP level 1. HP: 15/15 MP: 5/5
   351 | D:1      | You fall into a shaft and drop 1 floor!
   384 | D:2      | Reached XP level 2. HP: 19/22 MP: 7/7
   458 | D:2      | Identified the +1 ring mail "Icheitz" {Harm}
   509 | D:2      | Reached skill level 3 in Unarmed Combat
   843 | D:2      | Reached XP level 3. HP: 26/27 MP: 8/8
   892 | D:3      | Frozen to death by an endoplasm

Illustrated notes

Levels and vault maps discovered:
D:1:      mrwooster_arrival_arrow, layout_basic, serial_shops,
          nicolae_shop_behind_doors, bh_walls_and_bars
D:2:      layout_rooms, basic_ecumenical_altar
D:3:      layout_rooms, grunt_temple_overflow_open, serial_undead,
          serial_undead_d, serial_undead_f, serial_undead_a, serial_undead_b,
          uniq_robin

Skill      XL: |  1  2 |
---------------+-------+-----
Dodging        | 2 |  2.5
Unarmed Combat | 3 |  3.2
Fighting       | |  0.9
Armour         | |  0.1
Spellcasting   | |  1.9
Transmutations | |  1.7

Action                   || total
-------------------------++-------
Melee: Unarmed           ||    61
       Punch             ||     2
       War axe           ||    28
 Cast: Beastly Appendage ||     2
Armor: Robe              ||    21
       Ring mail         ||     8
       Leather armour    ||     8
Dodge: Dodged            ||    46
